Map: Deathaura LE

Players

HeroMarine - Winner!

  • Race: Terran Terran
  • League: Grandmaster
  • Spawn Location: 5:00

Kas

  • Race: Terran Terran
  • Spawn Location: 11:00

Event: DreamHack SC2 Masters 2020 Winter

VOD

Have the link to the VOD?

Description

Time

  • Played on: Oct. 25, 2020, 11:49 a.m.
  • Length: 18:23

All games in this series

Show
View Real Time Build Order
Export as new Build Order

HeroMarine Terran - Winner!

Build Orders:  

Get SALT Encoding   

  12  0:00  SCV  
  13  0:12  SCV  
  14  0:16  Supply Depot  
  14  0:24  SCV  
  15  0:38  SCV  
  15  0:39  Barracks  
  16  0:43  Refinery  
  16  0:50  SCV  
  16  0:53  Refinery  
  17  1:02  SCV  
  18  1:14  SCV  
  19  1:26  Reaper, Orbital Command  
  19  1:27  Supply Depot  
  20  1:42  Factory  
  20  1:52  SCV  
  21  1:58  Reaper  
  22  2:04  SCV  
  23  2:16  SCV  
  24  2:23  Command Center  
  24  2:28  SCV, Hellion  
  27  2:32  Barracks Reactor  
  27  2:41  SCV  
  27  2:42  Starport  
  28  2:50  Widow Mine  
  30  2:52  Supply Depot  
  30  2:53  SCV  
  31  3:11  Factory Tech Lab  
  31  3:14  SCV, Marine x2  
  31  3:16  Refinery  
  34  3:21  Starport Tech Lab  
  34  3:26  SCV  
  35  3:30  Cyclone  
  35  3:31  Marine  
  39  3:34  Marine  
  39  3:36  Orbital Command  
  39  3:41  SCV  
  41  3:47  Raven  
  41  3:49  Marine  
  41  3:52  Marine  
  41  3:53  SCV  
  44  3:57  Supply Depot  
  44  4:02  SCV  
  45  4:05  SCV  
  45  4:07  Siege Tank  
  49  4:10  Marine  
  49  4:11  Marine  
  49  4:14  SCV  
  52  4:18  SCV  
  53  4:26  SCV  
  53  4:30  SCV, Raven  
  57  4:38  Command Center  
  57  4:41  SCV  
  57  4:42  SCV  
  57  4:44  Supply Depot  
  59  4:50  Siege Tank  
  62  4:57  SCV  
  62  4:58  SCV, Refinery  
  62  5:09  SCV  
  62  5:10  SCV  
  64  5:18  Stimpack  
  64  5:21  SCV  
  64  5:22  SCV, Siege Tank  
  64  5:26  Barracks  
  64  5:28  Barracks  
  69  5:33  SCV  
  69  5:34  Supply Depot  
  69  5:35  SCV  
  69  5:41  Engineering Bay  
  69  5:42  Engineering Bay  
  69  5:45  SCV  
  70  5:50  Viking x2, SCV  
  70  5:55  Siege Tank  
  78  5:57  SCV  
  78  5:59  Marine  
  78  6:02  SCV  
  81  6:09  SCV  
  81  6:10  Terran Infantry Weapons Level 1, Terran Infantry Armor Level 1  
  82  6:14  SCV, Orbital Command  
  83  6:18  Barracks Reactor x2  
  83  6:20  Viking x2  
  83  6:22  SCV  
  89  6:26  SCV  
  89  6:30  Siege Tank  
  93  6:33  Supply Depot  
  93  6:35  SCV  
  93  6:37  Supply Depot  
  93  6:38  SCV  
  93  6:42  Barracks  
  93  6:44  Barracks  
  93  6:48  SCV  
  93  6:49  Refinery  
  93  6:50  Refinery  
  93  6:52  Sensor Tower  
  93  6:55  SCV x2  
  93  6:56  Viking  
  93  6:57  Viking  
  93  7:00  SCV  
  100  7:01  Supply Depot  
  100  7:05  Combat Shield  
  100  7:07  SCV x2  
  102  7:09  Marine x4  
  102  7:12  SCV  
  107  7:19  SCV x2  
  107  7:21  Supply Depot  
  109  7:23  Siege Tank  
  109  7:24  SCV, Supply Depot  
  113  7:31  SCV x2, Command Center  
  113  7:35  Medivac  
  113  7:36  Barracks Reactor  
  117  7:37  Barracks Reactor  
  117  7:43  SCV, Medivac, Marine x2  
  122  7:44  Supply Depot x2  
  122  7:46  Armory  
  122  7:54  Supply Depot  
  122  7:59  Marine x3  
  122  8:00  Marine  
  122  8:01  SCV  
  122  8:02  SCV x2  
  129  8:05  Medivac  
  129  8:08  Siege Tank  
  129  8:09  Marine  
  134  8:13  SCV, Medivac  
  134  8:14  SCV x2  
  134  8:17  Marine x3  
  141  8:26  SCV  
  139  8:28  Marine x5  
  144  8:34  Terran Infantry Weapons Level 2  
  144  8:35  Viking, Terran Infantry Armor Level 2  
  144  8:37  Marine x2  
  144  8:40  Siege Tank  
  151  8:43  Viking  
  151  8:44  Marine  
  151  8:46  Marine x4  
  158  8:53  Barracks Reactor, Factory  
  158  8:56  Marine x3  
  158  9:01  Marine  
  158  9:02  Terran Vehicle Weapons Level 1, Supply Depot  
  162  9:03  Supply Depot  
  162  9:04  Marine x4  
  162  9:06  Viking  
  168  9:10  SCV  
  168  9:11  SCV x2  
  168  9:16  Marine  
  172  9:17  Supply Depot  
  172  9:23  Marine x4  
  172  9:24  Viking  
  165  9:33  Marine x3  
  165  9:35  Siege Tank  
  165  9:36  Viking  
  162  9:51  Marine x2  
  162  9:52  Marine x6  
  160  9:53  Viking, Marine  
  160  9:54  Marine  
  164  10:06  Liberator  
  163  10:07  Siege Tank  
  163  10:09  Marine x2  
  163  10:10  Marine x4  
  163  10:12  Marine x4  
  161  10:23  Liberator  
  161  10:27  Marine x3  
  161  10:28  Marine x2  
  165  10:30  Marine x2  
  165  10:31  Marine x2  
  165  10:33  SCV, Siege Tank  
  165  10:34  SCV x2  
  175  10:36  Planetary Fortress  
  175  10:37  Marine  
  175  10:39  Siege Tank  
  179  10:44  Marine  
  179  10:45  Marine x2  
  179  10:47  Refinery, Sensor Tower  
  179  10:49  Refinery  
  182  10:54  Marine x3  
  185  10:57  Terran Infantry Weapons Level 3, Terran Infantry Armor Level 3  
  185  11:00  Terran Ship Weapons Level 1  
  185  11:01  Supply Depot  
  185  11:12  Siege Tank  
  185  11:13  Marine x6  
  185  11:15  Command Center  
  185  11:16  Command Center  
  192  11:20  Marine x2  
  193  11:29  Command Center  
  193  11:31  Marine  
  193  11:32  Marine x5  
  199  11:40  Armory  
  199  11:41  Fusion Core, Starport  
  199  11:43  Starport  
  199  11:47  Command Center  
  199  11:52  Command Center  
  197  12:04  Marine  
  197  12:07  Viking  
  197  12:20  Starport Reactor x2  
  197  12:21  Starport  
  197  12:24  Command Center  
  197  12:25  Starport  
  197  12:27  Command Center  
  197  12:34  Marine x2  
  197  12:36  Marine  
  197  12:37  Marine, Liberator x2  
  177  12:40  Marine x2  
  177  12:44  Orbital Command x3, Siege Tank x2  
  189  12:46  Marine x2  
  189  12:49  Marine x2  
  192  12:56  Marine x2  
  194  13:00  Liberator x2  
  200  13:10  Terran Ship Weapons Level 2  
  200  13:11  Terran Vehicle And Ship Armor Level 1  
  200  13:20  Starport Reactor x2, Advanced Ballistics  
  200  13:29  Orbital Command  
  198  13:37  Marine x2  
  198  13:40  Marine x3  
  192  13:41  SCV x2  
  192  13:42  SCV x2  
  192  13:43  Planetary Fortress  
  192  13:45  SCV x2  
  194  13:53  SCV x2  
  199  13:57  Sensor Tower  
  199  14:00  Refinery  
  199  14:02  Refinery  
  196  14:11  Orbital Command, Sensor Tower  
  196  14:16  Command Center  
  196  14:18  Missile Turret  
  196  14:19  Missile Turret  
  196  14:23  Refinery  
  196  14:28  Command Center  
  196  14:30  Hi-Sec Auto Tracking, Neosteel Armor  
  194  14:32  Viking x2  
  194  14:33  Viking  
  200  14:39  Rapid Reignition System  
  200  14:53  Missile Turret x2  
  200  14:54  Command Center  
  196  15:00  Missile Turret  
  196  15:10  Viking  
  196  15:11  Viking  
  200  15:20  Viking  
  199  15:24  Viking x3  
  199  15:26  Terran Vehicle And Ship Armor Level 2  
  199  15:27  Terran Ship Weapons Level 3  
  199  15:28  Viking  
  199  15:32  Viking x3  
  197  15:40  Viking  
  197  15:41  Viking  
  196  15:45  Orbital Command  
  194  15:50  Medivac  
  194  15:54  Medivac x3  
  194  15:55  Orbital Command  
  198  16:15  Liberator  
  198  16:16  Liberator x3  
  199  16:23  Liberator  
  195  16:31  Liberator x2  
  199  16:45  Viking x2  
  199  16:46  Viking  
  167  16:55  Marine x8, Siege Tank x2  
  167  16:57  Marine x2  
  167  16:58  Viking, Planetary Fortress  
  167  16:59  Viking x3  
  185  17:05  Viking  
  187  17:14  Viking  
  187  17:15  Viking x2  
  192  17:20  Viking  
  192  17:21  Viking  
  197  17:27  Siege Tank  
  200  17:37  Missile Turret, Sensor Tower  
  200  17:40  Missile Turret  
  198  17:54  Starport  
  196  18:01  Unknown  
  196  18:02  Command Center  
  196  18:05  Unknown  
Show
View Real Time Build Order
Export as new Build Order

Kas Terran 

Build Orders:  

Get SALT Encoding   

  12  0:00  SCV  
  13  0:12  SCV  
  14  0:17  Supply Depot  
  14  0:24  SCV  
  14  0:27  Refinery  
  15  0:39  SCV  
  16  0:44  Barracks  
  16  0:51  SCV  
  16  0:54  Refinery  
  17  1:03  SCV  
  18  1:15  SCV  
  19  1:32  Orbital Command, Factory  
  19  1:34  Reaper  
  20  1:52  Supply Depot  
  20  1:57  SCV  
  21  2:06  Reaper  
  22  2:09  SCV  
  23  2:16  Hellion  
  23  2:21  SCV  
  26  2:26  Command Center  
  26  2:33  SCV  
  26  2:35  Supply Depot  
  27  2:38  Reaper  
  27  2:40  Hellion  
  30  2:48  SCV  
  31  2:55  Starport  
  31  3:00  SCV  
  31  3:02  Factory Tech Lab  
  32  3:10  Barracks Tech Lab  
  32  3:12  SCV  
  33  3:19  Refinery  
  33  3:21  Cyclone  
  33  3:24  SCV  
  36  3:45  Raven  
  36  3:46  Orbital Command  
  36  3:48  SCV  
  39  3:56  Barracks Reactor  
  39  4:00  SCV  
  40  4:03  Command Center  
  40  4:06  Siege Tank  
  43  4:13  SCV  
  43  4:16  SCV  
  45  4:18  Supply Depot  
  45  4:25  SCV  
  45  4:28  SCV  
  45  4:30  Raven  
  49  4:33  Marine x2  
  49  4:37  SCV  
  52  4:38  Supply Depot  
  52  4:40  SCV  
  53  4:50  SCV, Siege Tank  
  53  4:52  SCV  
  58  4:53  Marine x2  
  60  5:02  SCV  
  60  5:04  SCV  
  62  5:08  Barracks  
  62  5:14  SCV, Barracks  
  63  5:20  Orbital Command  
  63  5:22  SCV, Siege Tank  
  63  5:26  SCV, Stimpack  
  68  5:29  Marine  
  68  5:32  Viking x2  
  73  5:37  SCV  
  73  5:38  Orbital Command  
  73  5:41  SCV  
  75  5:45  Engineering Bay x2  
  75  5:47  Refinery  
  75  5:53  SCV  
  75  5:54  SCV  
  75  5:55  Supply Depot  
  77  5:57  Barracks Reactor  
  77  6:03  Barracks Reactor  
  77  6:04  Marine  
  78  6:05  SCV, Siege Tank  
  78  6:10  Viking  
  84  6:12  SCV  
  84  6:17  SCV x2  
  87  6:19  Supply Depot x2  
  87  6:20  Viking, Supply Depot  
  89  6:28  SCV, Supply Depot  
  89  6:29  SCV, Marine  
  89  6:31  SCV  
  93  6:40  SCV, Marine x4, Siege Tank  
  93  6:44  Viking  
  103  6:47  SCV, Marine  
  103  6:50  Terran Infantry Weapons Level 1  
  103  6:54  Terran Infantry Armor Level 1  
  103  6:58  Marine x4  
  103  7:00  SCV  
  109  7:01  SCV, Barracks  
  109  7:02  SCV  
  109  7:03  Barracks  
  109  7:05  Marine  
  111  7:12  SCV, Medivac  
  111  7:13  SCV, Combat Shield  
  111  7:15  SCV  
  116  7:16  Marine x4  
  116  7:18  Refinery  
  116  7:20  Refinery  
  120  7:24  SCV, Medivac  
  120  7:29  Marine  
  124  7:34  Marine  
  125  7:38  Supply Depot  
  125  7:41  SCV x2, Supply Depot, Marine x3, Siege Tank  
  125  7:42  Supply Depot  
  133  7:52  Marine  
  133  7:53  SCV  
  133  7:57  Barracks Reactor  
  133  7:58  Barracks Reactor, Command Center  
  133  7:59  SCV, Marine x3  
  133  8:04  Factory  
  135  8:08  SCV x2  
  137  8:13  Marine x2, Siege Tank  
  137  8:16  SCV  
  137  8:17  Marine  
  144  8:20  SCV  
  144  8:21  Armory  
  144  8:23  Supply Depot  
  144  8:24  SCV  
  146  8:27  Medivac, Marine x2  
  146  8:28  SCV, Medivac  
  146  8:31  Marine  
  146  8:32  SCV, Supply Depot  
  155  8:36  SCV  
  155  8:37  Marine  
  155  8:39  Sensor Tower  
  157  8:45  SCV x2  
  159  8:49  SCV  
  159  8:50  Siege Tank  
  163  8:56  Marine x8  
  163  8:57  SCV  
  163  8:59  SCV  
  163  9:02  Barracks Reactor  
  173  9:10  SCV, Siege Tank  
  173  9:11  Supply Depot  
  173  9:12  Terran Infantry Weapons Level 2  
  173  9:13  Supply Depot  
  173  9:14  Marine x3  
  180  9:18  Terran Infantry Armor Level 2  
  144  9:38  Marine  
  144  9:39  Marine  
  144  9:41  Marine x3  
  144  9:44  Marine x2  
  147  9:46  Marine x3  
  147  9:49  Medivac  
  147  9:52  Supply Depot  
  144  9:53  Refinery  
  144  9:57  Siege Tank  
  144  9:58  Siege Tank  
  148  10:00  Starport  
  148  10:01  Planetary Fortress, Starport  
  148  10:03  Refinery  
  148  10:04  Refinery, Marine x2  
  148  10:06  Marine x2  
  152  10:10  Marine x2  
  148  10:14  Command Center  
  148  10:19  Marine x4  
  148  10:20  Medivac x2  
  138  10:29  Marine x6  
  138  10:31  Siege Tank  
  139  10:36  SCV x3  
  139  10:37  Marine x2  
  139  10:38  Marine x2  
  139  10:39  Viking, Siege Tank  
  139  10:41  Viking  
  153  10:43  Terran Vehicle Weapons Level 1  
  153  10:47  Marine x2  
  153  10:49  SCV, Marine x3  
  158  10:50  Marine  
  158  10:54  Marine  
  158  10:55  Marine  
  158  10:56  Viking x2  
  166  10:57  Marine  
  166  11:01  Marine  
  166  11:03  Siege Tank  
  171  11:04  Marine  
  171  11:07  Marine x2  
  174  11:11  Siege Tank  
  174  11:15  Marine x3  
  180  11:20  Starport Tech Lab x2  
  178  11:33  Terran Infantry Weapons Level 3  
  178  11:34  Marine  
  178  11:35  Siege Tank  
  182  11:40  Terran Infantry Armor Level 3  
  182  11:43  Armory  
  182  11:46  Planetary Fortress  
  181  11:50  Missile Turret  
  181  11:51  Missile Turret  
  181  11:52  Marine x4  
  181  11:53  Command Center  
  185  11:54  Command Center  
  187  12:02  Viking x2  
  187  12:04  Raven, Corvid Reactor  
  193  12:15  Siege Tank  
  169  12:41  Marine  
  169  12:42  Marine x2  
  169  12:43  Marine x2  
  169  12:44  Marine x2  
  175  12:45  Viking x3  
  175  12:46  Marine  
  180  13:00  Viking  
  180  13:02  Siege Tank x2  
  180  13:03  Terran Ship Weapons Level 1, Terran Vehicle And Ship Armor Level 1  
  188  13:10  Command Center  
  188  13:15  Viking  
  188  13:16  Viking x2  
  194  13:21  Starport  
  194  13:22  Orbital Command  
  194  13:23  Starport  
  194  13:26  Command Center  
  194  13:34  Siege Tank x2  
  154  13:41  Marine x8  
  154  13:42  Marine x2  
  154  13:43  Viking  
  154  13:45  Viking  
  153  13:48  Barracks  
  153  13:50  Barracks  
  153  13:52  Missile Turret  
  153  13:53  Viking x2, Missile Turret  
  153  13:54  Barracks  
  157  13:59  Marine x9  
  166  14:03  Viking  
  166  14:06  Viking, Siege Tank x2  
  166  14:07  Marine  
  177  14:14  SCV x2  
  177  14:15  Sensor Tower  
  179  14:17  Marine  
  179  14:20  SCV x3  
  179  14:22  Marine x2  
  185  14:25  Viking x2  
  189  14:38  Siege Tank x2  
  195  14:44  Command Center  
  195  14:45  Refinery  
  195  14:47  Refinery  
  193  14:54  Raven  
  193  14:55  Starport Tech Lab x2  
  196  15:03  Viking x2  
  200  15:07  Barracks Reactor x3  
  188  15:34  Siege Tank x2  
  188  15:35  Hi-Sec Auto Tracking, Neosteel Armor  
  192  15:37  Viking x2, Raven  
  192  15:38  Raven  
  199  15:52  Command Center  
  199  15:55  Command Center  
  199  15:57  Orbital Command x2  
  199  15:59  Orbital Command, Command Center  
  199  16:00  Command Center  
  199  16:03  Command Center  
  184  16:53  Raven x3  
  184  16:54  Viking x2  
  159  17:08  Marine x2, Starport  
  160  17:09  Starport x2  
  160  17:10  Orbital Command  
  160  17:11  Orbital Command  
  160  17:13  Orbital Command  
  160  17:14  Marine x2  
  160  17:15  Marine x6  
  169  17:21  Marine x4  
  173  17:26  Marine x2  
  173  17:29  Siege Tank x2  
  181  17:31  Orbital Command  
  181  17:32  Marine x3  
  181  17:36  Raven  
  186  17:39  Planetary Fortress  
  186  17:46  Sensor Tower  
  186  17:49  Viking x2  
  194  17:51  Starport Tech Lab  
  194  17:52  Starport Reactor  
  194  17:53  Starport Tech Lab  
  187  18:03  Missile Turret  
Tags
 
Add a new tag
Caveats
  • Supply blocks, unpowered buildings, or Contaminate may cause inaccurate times.
  • Supply counts are checked every 10 seconds.